 Dungeon Crawl Stone Soup version 0.28-a0-533-g9f97627e2a (webtiles) character file.

Game seed: 1358281744924123918

16 demibob the Slasher (level 2, 18/24 HPs)
             Began as a Demonspawn Monk on Sept 25, 2021.
             Was a Believer of Jiyva.
             Quit the game on level 1 of the Dungeon.
             The game lasted 00:01:08 (745 turns).

demibob the Slasher (Demonspawn Monk)                Turns: 745, Time: 00:01:09

Health: 18/24      AC:  2    Str: 11    XL:     2   Next: 41%
Magic:  2/2        EV: 12    Int: 11    God:    Jiyva [**....]
Gold:   0          SH:  0    Dex: 15    Spells: 1/1 levels left

rFire   . . .      SeeInvis .   d - +0 short sword (venom)
rCold   . . .      Faith    .   (no shield)
rNeg    . . .      Spirit   .   b - +0 robe
rPois   .          Reflect  .   (no helmet)
rElec   .          Harm     .   (no cloak)
rCorr   .          Rampage  .   (no gloves)
Will    .....                   (no boots)
Stlth   ++........              (no amulet)
HPRegen 0.08/turn               (no ring)
MPRegen 0.16/turn               (no ring)

@: no status effects
A: magic regeneration
a: Renounce Religion, Request Jelly


You were on level 1 of the Dungeon.
You worshipped Jiyva.
Jiyva was pleased with you.
You visited 1 branch of the dungeon, and saw 1 of its levels.


Innate Abilities, Weirdness & Mutations

You regenerate magic rapidly.


   Skills:
 - Level 3.0 Fighting
 + Level 0.5(2.1) Short Blades
 - Level 3.3(3.4) Long Blades
 - Level 2.6 Dodging
 - Level 1.7 Stealth


You had one spell level left.
You didn't know any spells.
Your spell library was empty.

Inventory:

Hand Weapons
 a - a +0 falchion
 d - a +0 short sword of venom (weapon)
Armour
 b - a +0 robe (worn)
Scrolls
 c - a scroll of noise {unknown}
Potions
 e - a potion of invisibility {unknown}

Dungeon Overview and Level Annotations

Branches:
Dungeon (1/15)

Altars:
Jiyva

#.# ##.... ##.## #.....
#...# ##...# #...# ##..#
#.†.# #... #####.†.#####
##..
#.####...........#####..
#.....J.................
[###.@.........######.
#####...###.# #. #...#
#.# #. #.#####.# ####.
##.###.## #.... ######
##.#.## ##.##. #....##
##.## ##..##.
#.###.###.#.###.#.>..
#.####.#.#.#[#.##.###


You could see a neutral jelly (wandering) (fellow slime).


Message History

The jackal bites you but does no damage.
The jackal misses you.
You miss the jackal.
The jackal is heavily wounded.
The jackal bites you but does no damage.
You closely miss the jackal.
The jackal is severely wounded.
The jackal bites you but does no damage.
The jackal bites you.
You barely miss the jackal.
The jackal is almost dead.
You kill the jackal!
The jackal bites you.
You see here a jackal corpse.
You hit the jackal but do no damage.
The jackal is poisoned.
The jackal barely misses you.
You barely miss the jackal. The jackal bites you.
The jackal bites you but does no damage.
You hit the jackal.
The jackal looks as sick as possible!
The jackal is heavily wounded.
You kill the jackal!
No target in view!
No target in view!
Found a buckler.
There is a faded altar of an unknown god here.
You cannot tell which god this altar belongs to.
Convert to them anyway?
Jiyva accepts your prayer! Jiyva welcomes you!
You can now request a jelly.
Jiyva grants you a jelly!
Are you sure you want to abandon this character and quit the game? (Confirm with "yes".)

Skill      XL: |  1 |
---------------+----+-----
Long Blades    | 3 |  3.3
Fighting       | |  3.0
Short Blades   | |  0.5
Dodging        | |  2.6
Stealth        | |  1.7

Action                   || total
-------------------------++-------
Melee: Falchion          ||    37
       Short sword       ||    11
 Stab: Sleeping          ||     1
Armor: Robe              ||    12
Dodge: Dodged            ||    31

Levels and vault maps discovered:
D:1:      minmay_arrival_diagonal_passages, layout_loops_cross,
          basic_ecumenical_altar, feat_on_display

Notes
Turn   | Place    | Note
-------+----------+-------------------------------------------
     0 | D:1      | demibob the Demonspawn Monk began the quest for the Orb.
     0 | D:1      | Reached XP level 1. HP: 18/18 MP: 1/1
   183 | D:1      | Reached skill level 3 in Long Blades
   308 | D:1      | Gained mutation: You regenerate magic rapidly. [demonic
                  | ancestry]
   308 | D:1      | Reached XP level 2. HP: 15/24 MP: 2/2
   725 | D:1      | Found a faded altar of an unknown god.
   744 | D:1      | Became a worshipper of Jiyva Jaixyjit the Shapeless
   744 | D:1      | Reached * piety under Jiyva
   744 | D:1      | Reached ** piety under Jiyva
   745 | D:1      | Quit the game

Vanquished Creatures
  A ball python (D:1)
  2 bats (D:1)
  An endoplasm (D:1)
  A giant cockroach (D:1)
  A goblin (D:1)
  A hobgoblin (D:1)
  2 jackals (D:1)
  2 frilled lizards (D:1)
  2 kobolds (D:1)
  3 rats (D:1)
16 creatures vanquished.

Table legend: (Time is in decaauts)
 A = Elapsed time spent in this place.
 B = Non-inter-level travel time spent in this place.
 C = Inter-level travel time spent in this place.
 D = Time resting spent in this place.
 E = Time spent auto-exploring this place.
 F = Levels seen in this place.
 G = Mean time per level.
                   A        B        C        D        E       F      G
               +--------+--------+--------+--------+--------+-----+--------+
         Total |    750 |    750 |      0 |    277 |    358 |   1 |  750.0 |
       Dungeon |    750 |    750 |      0 |    277 |    358 |   1 |  750.0 |
               +--------+--------+--------+--------+--------+-----+--------+

Top non-repeatable levels by time:
     D:1: 750 daAuts

Table legend:
 A = Non-vault XP
 B = Vault XP
 C = Vault XP percentage of total XP
 D = Non-vault monster count
 E = Vault monster count
 F = Vault count percentage of total count
                 A         B        C        D         E       F
            +---------+---------+-------+---------+---------+-------
      Total |      24 |       0 |   0.0 |      16 |       0 |   0.0
            +---------+---------+-------+---------+---------+-------
        D:1 |      24 |       0 |   0.0 |      16 |       0 |   0.0
            +---------+---------+-------+---------+---------+-------
